 Dungeon Crawl Stone Soup version 0.19.4-8-ga85b6b9 (webtiles) character file.

509882 Megalobster the Sorcerer (level 23, 0/136 HPs)
             Began as a Deep Elf Conjurer on Feb 8, 2017.
             Was the Champion of Vehumet.
             Killed from afar by a storm dragon (33 damage)
             ... with a bolt of lightning
             ... on level 5 of the Vaults on Feb 12, 2017.
             The game lasted 13:51:32 (64667 turns).

Megalobster the Sorcerer (Deep Elf Conjurer)       Turns: 64667, Time: 13:51:33

Health: 0/136      AC: 14    Str: 17    XL:     23   Next: 91%
Magic:  5/51       EV: 21    Int: 31    God:    Vehumet [******]
Gold:   2434       SH: 18    Dex: 21    Spells: 16 memorised, 2 levels left

rFire  . . .     SeeInvis +     a - staff of conjuration
rCold  + + .     Gourm    .     C - +0 robe "Filis" {rC+ Dex+2 Slay-3 SInv}
rNeg   + + .     Faith    .     w - +5 shield {reflect}
rPois  .         Spirit   .     e - +0 hat
rElec  .         Reflect  +     z - +2 cloak {MR+}
rCorr  +         Harm     .     s - +2 pair of gloves of the Shining Light {*Drain rC+ Regen+ Str+3}
MR     +++++                    o - +5 pair of boots of Autumn {rN+ rCorr Dex+4 Stlth+}
Stlth  ++++++....               p - amulet "Atirron" {RegenMP MR+ Str+3}
                                d - ring "Hauno" {rN+ Str+4}
                                L - ring of wizardry

@: delayed fireball, drained
A: magic resistance 1, strong 1
a: Renounce Religion, Release Delayed Fireball
}: 3/15 runes: barnacled, slimy, gossamer


You were on level 5 of the Vaults.
You worshipped Vehumet.
Vehumet was exalted by your worship.
You were not hungry.

You visited 10 branches of the dungeon, and saw 46 of its levels.
You visited 1 bazaar.
You also visited: Sewer, Ice Cave and Desolation.

You collected 4930 gold pieces.
You spent 2496 gold pieces at shops.

Inventory:

Armour
 e - a +0 hat (worn)
 o - the +5 pair of boots of Autumn (worn) {rN+ rCorr Dex+4 Stlth+}
   (You acquired it on level 1 of the Spider Nest)

   It affects your dexterity (+4).
   It protects you from negative energy.
   It protects you from acid and corrosion.
   It makes you more stealthy.
 s - the +2 pair of gloves of the Shining Light (worn) {*Drain rC+ Regen+ Str+3}
   (You acquired it on level 1 of the Spider Nest)

   It affects your strength (+3).
   It protects you from cold.
   It increases your rate of regeneration.
   It causes draining when unequipped.
 w - a +5 shield of reflection (worn)
 z - a +2 cloak of magic resistance (worn)
 C - the +0 robe "Filis" (worn) {rC+ Dex+2 Slay-3 SInv}
   (You found it on level 5 of the Dungeon)

   It affects your dexterity (+2).
   It affects your accuracy and damage with ranged weapons and melee attacks
   (-3).
   It protects you from cold.
   It lets you see invisible.
Magical Staves
 a - an uncursed staff of conjuration (weapon)
 b - an uncursed staff of air
Jewellery
 d - the ring "Hauno" (right hand) {rN+ Str+4}
   (You took it off a deep elf mage on level 3 of the Elven Halls)

   [ring of strength]

   It affects your strength (+4).
   It protects you from negative energy.
 p - the amulet "Atirron" (around neck) {RegenMP MR+ Str+3}
   (You took it off a deep elf mage on level 3 of the Elven Halls)

   [amulet of magic regeneration]

   It increases your magic regeneration.
   It affects your strength (+3).
   It affects your resistance to hostile enchantments.
 L - a ring of wizardry (left hand)
 R - an uncursed ring of poison resistance
Wands
 n - a wand of acid (3/15)
 x - a wand of heal wounds (7/9)
 U - a wand of iceblast (7/15)
 W - a wand of lightning (5/15)
Scrolls
 c - 5 scrolls of teleportation
 g - a scroll of fog
 i - a scroll of summoning
 j - 8 scrolls of remove curse
 q - a scroll of blinking
 y - 8 scrolls of identify
 E - 2 scrolls of fear
Potions
 k - 25 potions of curing
 m - 3 potions of cancellation
 r - a potion of haste
 A - 5 potions of lignification
 K - 2 potions of agility
 M - a potion of brilliance
 Z - a potion of resistance
Miscellaneous
 l - a phial of floods (inert)
 u - a lamp of fire (inert)
 B - a crystal ball of energy
 P - a fan of gales (inert)
 T - a box of beasts
Comestibles
 f - 14 meat rations
 V - a bread ration
 X - a slice of pizza


   Skills:
 + Level 11.6(11.5) Fighting
 - Level 11.2(11.1) Dodging
 - Level 10.1(10.0) Stealth
 - Level 11.2(11.1) Shields
 + Level 22.3(22.2) Spellcasting
 * Level 21.4(21.3) Conjurations
 - Level 11.0(10.9) Charms
 - Level 8.7(8.6) Translocations
 * Level 22.0(21.9) Fire Magic
 - Level 5.2(5.1) Air Magic
 + Level 5.3 Earth Magic
 + Level 11.6(11.5) Evocations


You had 2 spell levels left.
You knew the following spells:

 Your Spells              Type           Power        Failure   Level  Hunger
a - Dispersal             Tloc           ######....   4%          6    None
b - Searing Ray           Conj           ######       0%          2    None
c - Dazzling Spray        Conj/Hex       ######       1%          3    None
d - Iskenderun's Battles  Conj/Chrm      ########     1%          5    None
e - Iskenderun's Mystic   Conj           ########     0%          4    None
f - Iron Shot             Conj/Erth      ########..   1%          6    None
g - Freeze                Ice            ####         1%          1    None
h - Flame Tongue          Conj/Fire      #####        0%          1    None
i - Bolt of Fire          Conj/Fire      ########..   1%          6    None
j - Orb of Destruction    Conj           ########..   1%          7    #......
k - Fire Storm            Conj/Fire      ########..   3%          9    ######.
l - Shroud of Golubria    Chrm/Tloc      #######...   1%          2    None
m - Fireball              Conj/Fire      ########..   0%          5    None
n - Repel Missiles        Chrm/Air       ######       1%          2    None
o - Delayed Fireball      Conj/Fire      N/A          1%          7    #......
p - Gell's Gravitas       Hex/Tloc       ######....   1%          3    None


Dungeon Overview and Level Annotations

Branches:
Dungeon (15/15)            Temple (1/1) D:6            Lair (6/6) D:9
 Shoals (4/4) Lair:2       Spider (4/4) Lair:3        Slime (5/5) Lair:5
    Orc (2/2) D:12            Elf (3/3) Orc:2        Vaults (5/5) D:13
  Crypt (0/3) Vaults:3     Depths (1/5) D:15

Altars:
Cheibriados
Dithmenos
Elyvilon
Fedhas
Gozag
Kikubaaqudgha
Makhleb
Nemelex Xobeh
Okawaru
Qazlal
Sif Muna
Uskayaw
Vehumet
Xom
Zin
Beogh
Jiyva

Shops:
D:11 }   D:12 *   D:14 (   Orc:2 !!([=   Elf:3 [   Shoals:2 !   Shoals:4 *
Vaults:1 (   Vaults:4 [

Annotations:
Spider:1 exclusion: demonic crawler
Vaults:4 exclusion: flayed ghost


Innate Abilities, Weirdness & Mutations

You are resistant to hostile enchantments. (MR+)
Your muscles are strong. (Str +2)


Message History

You hear a deafening roar!
You hear a shout!
The storm dragon breathes lightning at you.
The bolt of lightning hits you! You block the storm dragon's attack.
The storm dragon claws you but does no damage.
You block the storm dragon's attack.
Okay, then.
Evoke which item? (* to show all) (? for menu, Esc to quit)
Aim the phial where?
Press: ? - help, Shift-Dir - straight line, f/p - storm dragon
Aim: a storm dragon (severely wounded, catching its breath)
The great wave of water hits the storm dragon.
The storm dragon is almost dead.
The wave splashes down.
The water rises up and takes form.
You hear a deafening roar! x2; You hear a shout!
The frost giant casts a spell at you. The bolt of cold hits you! You resist.
* * * LOW HITPOINT WARNING * * *
The storm dragon breathes lightning at you.
The bolt of lightning hits you!
You die...

#[...# .
#....#.[.#
#.[.[#[#.##. #
#.[..#(.[[[
###(#.[..#.#[#.
(..)([.[[(.)($.
###(..(E)[*#####
...C..<@!....[((
(...[§§D<(([).[.
.).[[h§<≈.((.(..
).v.)§§≈≈[.[.[.(
###(§[[§[..#####
.((÷[§[[.)..
v(#)#§.[§#..#
)#[.#.§.§#(##
)#.#....#.#


You could see a storm dragon, a frost giant, a warg, a friendly water elemental,
2 friendly fire vortices and a friendly battlesphere.

Vanquished Creatures
  the Royal Jelly (Slime:5)
  An ancient lich (Vaults:5)
  Boris (twice) (Vaults:2 Vaults:3)
  Margery (Vaults:5)
  Saint Roka (Vaults:1)
  3 golden dragons (Vaults:5)
  2 tentacled monstrosities (Vaults:5)
  Rupert (D:15)
  A lich (Vaults:5)
  2 deep elf master archers (Elf:3)
  3 titans (Vaults:5)
  A quicksilver dragon (Vaults:5)
  2 deep elf blademasters (Elf:3)
  26 acid blobs
  Agnes (D:15)
  4 storm dragons (Vaults:5)
  4 shadow dragons (Vaults:5)
  Kirke (Lair:5)
  3 tengu reavers
  Ilsuiw (Shoals:4)
  Donald (Orc:2)
  2 deep elf sorcerers (Elf:3)
  The ghost of Paps the Unseen, an adept OpAs of Dithmenos (Orc:2)
  A fire giant (Vaults:5)
  24 azure jellies
  Louise (Shoals:3)
  4 ghost moths
  8 vault wardens
  3 frost giants
  An orc warlord (Orc:2)
  An iron dragon (Vaults:5)
  5 emperor scorpions
  5 deep elf elementalists
  11 ironheart preservers
  7 stone giants
  4 very ugly things
  Nessos (D:15)
  A war gargoyle (Vaults:4)
  5 entropy weavers
  10 deep elf demonologists
  A dire elephant (Lair:6)
  7 deep elf annihilators
  3 merfolk javelineers
  A fire dragon (Vaults:5)
  2 spark wasps
  9 death oozes
  A crystal guardian (Vaults:4)
  Snorg (Lair:5)
  7 deep elf death magi
  An eidolon (Vaults:3)
  5 ettins
  Josephine (Shoals:1)
  6 yaktaur captains
  10 merfolk impalers
  2 deep elf high priests
  11 great orbs of eyes
  A rakshasa (Vaults:2)
  Erolcha (D:11)
  Harold (D:11)
  24 vault guards
  8 hydras
  A ragged hierophant (Vaults:4)
  4 ice dragons
  2 ice dragons (shapeshifter)
  2 merfolk avatars
  2 catoblepae
  An alligator snapping turtle (Shoals:4)
  10 centaur warriors
  4 merfolk aquamancers (Shoals:4)
  18 death yaks
  2 deep troll shamans
  32 dancing weapons
  4 satyrs
  11 ogre magi
  A queen ant (shapeshifter) (Vaults:1)
  2 tengu warriors
  2 deep troll earth magi (Vaults:4)
  2 orc high priests
  Sonja (Lair:4)
  Nergalle (Lair:3)
  A titan skeleton (Vaults:4)
  31 deep elf knights
  9 hell knights
  3 shadow wraiths
  An entropy weaver zombie (Vaults:2)
  6 skeletal warriors
  A storm dragon skeleton (Vaults:4)
  3 unseen horrors
  The ghost of cribozai the Archer, a novice CeHu of Okawaru (D:8)
  24 deep elf archers
  11 sea snakes
  15 deep trolls
  5 wizards
  3 glowing orange brains
  Pikel (D:5)
  An orange crystal statue (Vaults:2)
  6 hill giants
  A flayed ghost (Vaults:4)
  A lindwurm (Lair:6)
  A phantasmal warrior (Vaults:5)
  19 orc knights
  9 ironbrand convokers
  70 deep elf magi
  22 harpies
  8 necromancers
  13 manticores
  17 fauns
  2 orb spiders (shapeshifter)
  4 orc sorcerers
  15 orb spiders
  A shining eye (shapeshifter) (Vaults:4)
  A stone giant zombie (Vaults:4)
  25 ugly things
  9 cyclopes
  6 shining eyes
  22 wolf spiders
  2 human skeletons
  8 elephants (Lair:6)
  A moth of wrath (Spider:4)
  9 sirens
  6 black mambas
  A molten gargoyle (Desolation)
  Maurice (D:8)
  A guardian serpent (shapeshifter) (Vaults:1)
  3 centaur zombies
  2 torpor snails
  22 vault sentinels
  5 water nymphs
  2 gargoyles (D:13)
  3 frost giant skeletons
  2 ice statues (IceCv)
  A rime drake (Lair:6)
  A yaktaur zombie (Vaults:4)
  17 spiny frogs
  9 ice devils (IceCv)
  5 freezing wraiths
  38 yaktaurs
  8 demonic crawlers
  4 tengu conjurers
  7 komodo dragons
  A wind drake (Shoals:4)
  24 merfolk
  3 meliai (Spider:3)
  25 two-headed ogres
  13 trolls
  27 jumping spiders
  2 polar bears
  13 saltlings
  7 hornets
  23 blink frogs
  A stone giant simulacrum (Vaults:2)
  A two-headed ogre (shapeshifter) (Vaults:2)
  10 dream sheep (Lair:4)
  18 hippogriffs
  2 meliai zombies
  An ettin zombie (Vaults:3)
  96 slime creatures
  15 snapping turtles
  79 redbacks
  Sigmund (D:5)
  3 air elementals
  A shadow (D:12)
  9 water elementals
  17 tarantellas
  4 wyverns
  A vampire (D:10)
  A hill giant zombie (D:12)
  A human (D:11)
  6 wraiths
  A basilisk (Lair:2)
  A human (shapeshifter) (Vaults:2)
  23 yaks
  4 fire elementals
  5 hogs
  13 golden eyes
  3 human simulacra
  4 vampire mosquitoes (D:13)
  A steam dragon (D:9)
  5 hungry ghosts
  Menkaure (D:5)
  3 mottled dragons
  9 wargs
  7 porcupines
  16 water moccasins
  3 floating eyes
  53 orc warriors
  3 ice beasts
  A slave (D:5)
  3 black bears
  2 sky beasts
  12 eyes of draining
  An elf zombie (Vaults:2)
  5 necrophages
  20 wolves
  37 ogres
  2 phantoms
  37 centaurs
  2 big kobolds
  14 crocodiles
  2 human zombies
  2 gnoll sergeants
  24 bullfrogs
  4 earth elementals
  4 scorpions
  A wyvern skeleton (D:12)
  A water moccasin skeleton (D:8)
  2 troll zombies (D:12)
  17 wights
  5 killer bees (D:7)
  4 electric eels
  9 crimson imps
  A bullfrog zombie (D:13)
  3 howler monkeys
  A quasit (D:13)
  6 jellies
  A bullfrog skeleton (D:9)
  4 centaur skeletons
  27 orc priests
  7 hounds
  Jessica (D:3)
  5 iguanas
  35 orc wizards
  13 worker ants
  5 ogre zombies (D:12)
  A hound skeleton (D:6)
  A worker ant zombie (D:6)
  10 gnolls
  15 adders
  3 shadow imps
  16 white imps
  6 ufetubi (IceCv)
  4 oozes
  An adder skeleton (D:5)
  3 worms (D:4)
  5 leopard geckos
  132 orcs
  4 bats
  9 giant cockroaches
  9 goblins
  8 hobgoblins
  17 jackals
  5 quokkas
  A ball python (D:3)
  5 frilled lizards
  3 goblin skeletons (D:12)
  4 goblin zombies (D:12)
  A hobgoblin skeleton (D:12)
  5 hobgoblin zombies (D:12)
  18 kobolds
  2 orc skeletons (D:12)
  10 orc zombies (D:12)
  9 rats
  2 fire vortices (Vaults:5)
  2 fungi (Lair:5)
  16 plants
2095 creatures vanquished.

Vanquished Creatures (collateral kills)
  An acid blob (Slime:1)
  An imperial myrmidon (Desolation)
  7 vault guards (Vaults:5)
  A hell knight (Vaults:5)
  A deep troll (Vaults:5)
  An ironbrand convoker (Desolation)
  A human zombie (Vaults:4)
  A slime creature (Slime:3)
  6 saltlings (Desolation)
  A golden eye (Slime:4)
  An orc warrior (Vaults:5)
  An orc wizard (Vaults:5)
  3 orcs
26 creatures vanquished.

Vanquished Creatures (others)
  A reaper (IceCv)
  A merfolk javelineer (Shoals:4)
  3 yaktaur captains
  A centaur warrior (D:13)
  5 fauns
  15 ball lightnings
  2 yaktaurs
  A merfolk (Shoals:1)
  A human (Lair:5)
  A slave (D:5)
  An ice beast (D:5)
  A centaur (Vaults:1)
  A jelly (D:5)
  2 white imps (IceCv)
  9 ufetubi (IceCv)
  2 bushes (Lair:6)
  127 fire vortices
  163 fulminant prisms
  16 fungi
  24 plants
377 creatures vanquished.

Grand Total: 2498 creatures vanquished

Notes
Turn   | Place    | Note
-------+----------+-------------------------------------------
     0 | D:1      | Megalobster the Deep Elf Conjurer began the quest for the Orb.
     0 | D:1      | Reached XP level 1. HP: 10/10 MP: 6/6
   290 | D:1      | Reached XP level 2. HP: 15/15 MP: 6/8
   294 | D:1      | Learned a level 2 spell: Searing Ray
   425 | D:1      | Reached skill level 5 in Conjurations
   823 | D:2      | Found a glowing silver altar of Zin.
   823 | D:2      | Noticed an angel
  1113 | D:2      | Found a blossoming altar of Fedhas.
  1120 | D:2      | Reached XP level 3. HP: 19/19 MP: 7/10
  1344 | D:2      | Learned a level 3 spell: Dazzling Spray
  1717 | D:2      | Reached XP level 4. HP: 24/24 MP: 8/12
  2249 | D:3      | Noticed Jessica
  2763 | D:3      | You fall through a shaft!
  2763 | D:4      | Noticed an ogre
  2774 | D:4      | Killed an ogre
  2774 | D:4      | Reached XP level 5. HP: 16/28 MP: 2/14
  2778 | D:4      | Reached skill level 5 in Spellcasting
  2933 | D:4      | Learned a level 5 spell: Iskenderun's Battlesphere
  3240 | D:3      | Killed Jessica
  3240 | D:3      | Reached XP level 6. HP: 31/32 MP: 12/15
  3912 | D:4      | Learned a level 4 spell: Iskenderun's Mystic Blast
  4374 | D:4      | Reached XP level 7. HP: 36/36 MP: 9/17
  4510 | D:4      | Reached skill level 5 in Stealth
  4586 | D:4      | Found a deep blue altar of Sif Muna.
  4734 | D:4      | Found a shadowy altar of Dithmenos.
  4736 | D:4      | Found a shimmering altar of Xom.
  4776 | D:5      | Entered Level 5 of the Dungeon
  4789 | D:5      | Noticed Sigmund
  4797 | D:5      | Killed Sigmund
  5050 | D:5      | Found a large runed door.
  5051 | D:5      | Found a large runed door.
  5214 | D:5      | Found a large runed door.
  5214 | D:5      | Found a large runed door.
  5225 | D:5      | Noticed Menkaure
  5233 | D:5      | Killed Menkaure
  5233 | D:5      | Reached XP level 8. HP: 29/41 MP: 19/19
  5328 | D:5      | Got an ominously black robe
  5347 | D:5      | Identified the +0 robe "Filis" {rC+ Dex+2 Slay-3 SInv} (You found it on level 5 of the Dungeon)
  6004 | D:5      | Noticed Pikel
  6018 | D:5      | Killed Pikel
  6155 | D:5      | HP: 2/41 [gnoll (5)]
  6696 | D:6      | Got an ichor-stained robe
  6707 | D:6      | Identified the cursed +1 robe of Erphutequ {MR+ Str+5} (You found it on level 6 of the Dungeon)
  6719 | D:6      | Learned a level 4 spell: Fulminant Prism
  6749 | D:6      | Reached XP level 9. HP: 45/45 MP: 15/22
  6978 | D:6      | Reached skill level 10 in Conjurations
  7098 | D:6      | Found a glowing drain.
  7110 | Sewer    | Entered a sewer
  7278 | Sewer    | Found a white marble altar of Elyvilon.
  7464 | D:6      | Reached skill level 10 in Stealth
  7757 | D:6      | Found a staircase to the Ecumenical Temple.
  7763 | Temple   | Entered the Ecumenical Temple
  7773 | Temple   | Became a worshipper of Vehumet
  7968 | D:7      | Reached skill level 1 in Charms
  8107 | D:7      | Reached skill level 5 in Charms
  8388 | D:7      | Found a sparkling altar of Nemelex Xobeh.
  8477 | D:7      | Reached * piety under Vehumet
  8477 | D:7      | Offered knowledge of Freeze by Vehumet.
  8480 | D:7      | Learned a level 1 spell: Freeze
  8663 | D:7      | Found a white marble altar of Elyvilon.
  8807 | D:7      | Reached skill level 1 in Fighting
  8848 | D:7      | Found a hide-covered altar of Uskayaw.
  8849 | D:7      | Noticed a dagger
  8850 | D:7      | Noticed a dagger
  8971 | D:7      | Found an iron altar of Okawaru.
  9186 | D:8      | Reached XP level 10. HP: 52/52 MP: 24/24
  9201 | D:8      | Noticed cribozai's ghost (novice CeHu)
  9211 | D:8      | Killed cribozai's ghost
  9211 | D:8      | Reached ** piety under Vehumet
  9211 | D:8      | Offered knowledge of Flame Tongue by Vehumet.
  9212 | D:8      | Noticed Maurice
  9219 | D:8      | Killed Maurice
  9960 | D:8      | Learned a level 1 spell: Flame Tongue
 10469 | D:8      | Reached skill level 1 in Fire Magic
 10696 | D:9      | Offered knowledge of Static Discharge by Vehumet.
 10701 | D:9      | Learned a level 3 spell: Static Discharge
 10912 | D:9      | Found a staircase to the Lair.
 11083 | D:9      | Found a stormy altar of Qazlal.
 11164 | D:9      | Found a stormy altar of Qazlal.
 11213 | D:9      | Reached *** piety under Vehumet
 12136 | D:9      | Found an ancient bone altar of Kikubaaqudgha.
 12188 | D:10     | Entered Level 10 of the Dungeon
 12202 | D:10     | Reached skill level 10 in Spellcasting
 12271 | D:10     | Reached XP level 11. HP: 60/60 MP: 27/27
 12301 | D:10     | Offered knowledge of Stone Arrow by Vehumet.
 12306 | D:10     | Learned a level 3 spell: Stone Arrow
 12462 | D:10     | Found an opulent altar of Gozag.
 12616 | D:10     | Reached **** piety under Vehumet
 12670 | D:10     | Offered knowledge of Lee's Rapid Deconstruction by Vehumet.
 12783 | Lair:1   | Entered Level 1 of the Lair of Beasts
 12791 | Lair:1   | Found a labyrinth entrance.
 12866 | Lair:1   | Reached skill level 5 in Fire Magic
 12946 | Lair:1   | Noticed a four-headed hydra
 12951 | Lair:1   | Killed a four-headed hydra
 14323 | Lair:2   | Reached skill level 1 in Shields
 14571 | Lair:2   | Found a staircase to the Shoals.
 14935 | Lair:2   | Gained mutation: You tend to lose your temper in combat. [potion of mutation]
 14935 | Lair:2   | Gained mutation: You are resistant to hostile enchantments. (MR+) [potion of mutation]
 14935 | Lair:2   | Gained mutation: Your muscles are strong. (Str +2) [potion of mutation]
 15066 | Lair:3   | Found a hole to the Spider Nest.
 15085 | Lair:3   | Noticed a catoblepas
 15100 | Lair:3   | Killed a catoblepas
 15100 | Lair:3   | Reached skill level 10 in Charms
 15100 | Lair:3   | Reached XP level 12. HP: 67/67 MP: 9/30
 15311 | Lair:3   | Noticed Nergalle
 15325 | Lair:3   | Killed Nergalle
 15595 | Lair:3   | Noticed a four-headed hydra
 15601 | Lair:3   | Killed a four-headed hydra
 16234 | Lair:4   | Reached ***** piety under Vehumet
 16238 | Lair:4   | Noticed Sonja
 16241 | Lair:4   | Killed Sonja
 16241 | Lair:4   | Offered knowledge of Bolt of Fire by Vehumet.
 16241 | Lair:4   | Reached skill level 5 in Fighting
 16297 | Lair:4   | Learned a level 6 spell: Bolt of Fire
 16313 | Lair:4   | Found a frozen archway.
 16325 | IceCv    | Entered an ice cave
 16625 | IceCv    | Killed a reaper
 17361 | Lair:4   | Noticed an eight-headed hydra
 17364 | Lair:4   | Killed an eight-headed hydra
 17419 | Lair:4   | Got a twisted long sword
 17427 | Lair:4   | Identified the +12 long sword of Valour {elec, rF+ rC+} (You found it on level 4 of the Lair of Beasts)
 17450 | Lair:4   | Reached XP level 13. HP: 73/73 MP: 32/32
 18307 | Lair:5   | Found a runed door.
 18330 | Lair:5   | Found a viscous altar of Jiyva.
 18429 | Lair:5   | Noticed Snorg
 18432 | Lair:5   | Killed Snorg
 18549 | Lair:5   | Noticed Kirke
 18553 | Lair:5   | Killed Kirke
 18553 | Lair:5   | Offered knowledge of Sticky Flame by Vehumet.
 18564 | Lair:5   | Learned a level 4 spell: Sticky Flame
 19196 | Lair:5   | Found a staircase to the Slime Pits.
 19565 | Lair:6   | Entered Level 6 of the Lair of Beasts
 19778 | Lair:6   | Reached skill level 15 in Conjurations
 20376 | Lair:6   | Reached XP level 14. HP: 82/82 MP: 19/34
 20737 | Lair:6   | Reached skill level 5 in Shields
 21292 | Lair:6   | Offered knowledge of Conjure Ball Lightning by Vehumet.
 22134 | Lair:6   | Reached skill level 5 in Dodging
 22381 | D:11     | Reached skill level 10 in Fire Magic
 22644 | D:11     | Noticed Erolcha
 22645 | D:11     | Killed Erolcha
 22655 | D:11     | Learned a level 6 spell: Conjure Ball Lightning
 22735 | D:11     | Noticed Harold
 22739 | D:11     | Killed Harold
 23067 | D:11     | Lost mutation: You tend to lose your temper in combat. [potion of beneficial mutation]
 23135 | D:11     | Found Daasku Haxi's Gadget Shop.
 23405 | D:12     | Offered knowledge of Bolt of Cold by Vehumet.
 23525 | D:12     | Found Esutaqyt's Antique Artefacts.
 23573 | D:12     | Bought an ominously black robe for 188 gold pieces
 23583 | D:12     | Identified the +3 robe of Imapp {MP+9 Stlth+} (You bought it in a shop on level 12 of the Dungeon)
 23861 | D:12     | Found a staircase to the Orcish Mines.
 24019 | D:12     | Reached XP level 15. HP: 89/89 MP: 35/35
 24437 | Orc:1    | Entered Level 1 of the Orcish Mines
 24499 | Orc:1    | Reached skill level 1 in Air Magic
 24905 | Orc:2    | Entered Level 2 of the Orcish Mines
 24905 | Orc:2    | Noticed Paps's ghost (adept OpAs)
 25051 | Orc:2    | Noticed Donald
 25059 | Orc:2    | Killed Donald
 25059 | Orc:2    | Reached skill level 1 in Evocations
 25190 | Orc:2    | Found Vepopsem's Distillery.
 25305 | Orc:2    | Found a roughly hewn altar of Beogh.
 25404 | Orc:2    | Found a roughly hewn altar of Beogh.
 25543 | Orc:2    | Offered knowledge of Orb of Destruction by Vehumet.
 25553 | Orc:2    | Found a roughly hewn altar of Beogh.
 25636 | Orc:2    | Found Vamyum's Distillery.
 26102 | Orc:2    | Found a staircase to the Elven Halls.
 26115 | Orc:2    | Found a roughly hewn altar of Beogh.
 26509 | Orc:2    | Killed Paps's ghost
 26509 | Orc:2    | Reached skill level 15 in Spellcasting
 26520 | Orc:2    | Learned a level 7 spell: Orb of Destruction
 26766 | Orc:2    | Noticed an orc warlord
 26786 | Orc:2    | Killed an orc warlord
 27046 | Orc:2    | Found Boabelaj's Antique Weapon Emporium.
 27047 | Orc:2    | Found a roughly hewn altar of Beogh.
 27054 | Orc:2    | Found Lauk's Antique Armour Shoppe.
 27143 | Orc:2    | Found a roughly hewn altar of Beogh.
 27146 | Orc:2    | Found Higoberu's Jewellery Shoppe.
 27276 | Orc:2    | Bought a potion of berserk rage for 65 gold pieces
 27276 | Orc:2    | Bought a potion of invisibility for 104 gold pieces
 27349 | Orc:2    | Bought a potion of magic for 112 gold pieces
 27604 | Elf:1    | Entered Level 1 of the Elven Halls
 28748 | Elf:1    | Offered knowledge of Poison Arrow by Vehumet.
 29578 | Elf:2    | Reached XP level 16. HP: 94/96 MP: 7/38
 30167 | Elf:2    | Found a runed gate.
 30167 | Elf:2    | Found a runed gate.
 30171 | Elf:2    | Found a runed gate.
 30743 | Elf:2    | HP: 3/96 [scimitar of slicing (6)]
 31080 | Elf:2    | Reached skill level 5 in Evocations
 31824 | Elf:3    | Entered Level 3 of the Elven Halls
 32276 | Elf:3    | Found Qonee's Antique Armour Shoppe.
 32293 | Elf:3    | Bought a smoking robe for 233 gold pieces
 32303 | Elf:3    | Identified the +3 robe "Beageat" {rC+ Regen+} (You bought it in a shop on level 3 of the Elven Halls)
 32462 | Elf:3    | Offered knowledge of Poisonous Cloud by Vehumet.
 32756 | Elf:3    | Noticed a deep elf blademaster
 32783 | Elf:3    | Killed a deep elf blademaster
 32785 | Elf:3    | Reached XP level 17. HP: 72/101 MP: 25/40
 32940 | Elf:3    | Noticed a deep elf blademaster
 32946 | Elf:3    | Killed a deep elf blademaster
 32982 | Elf:3    | HP: 4/101 [deep elf mage/long sword of draining (2)]
 33495 | Elf:3    | Reached skill level 10 in Fighting
 33503 | Elf:3    | Noticed a deep elf master archer
 33507 | Elf:3    | Killed a deep elf master archer
 33577 | Elf:3    | Noticed a deep elf master archer
 33579 | Elf:3    | Killed a deep elf master archer
 33993 | Elf:3    | Got a smoking robe
 34130 | Elf:3    | Got a dazzling dire flail {pain}
 34148 | Elf:3    | Got a translucent brass ring
 34157 | Elf:3    | Got a jewelled short sword {pierce}
 34308 | Elf:3    | Identified the cursed +1 short sword "Gualesogh" {pierce, Int+5} (You took it off a deep elf death mage on level 3 of the Elven Halls)
 34319 | Elf:3    | Identified the cursed +0 robe "Catot" {Regen+ Dex-4 Slay+2} (You took it off a deep elf death mage on level 3 of the Elven Halls)
 34346 | Elf:3    | Identified the ring "Hauno" {rN+ Str+4} (You took it off a deep elf mage on level 3 of the Elven Halls)
 34452 | Elf:3    | Got a smoking garnet amulet
 34453 | Elf:3    | Got a smoking short sword {pierce}
 34717 | Elf:3    | Identified Easy Witchcraft
 34740 | Elf:3    | Identified Sif Muna's Reference Book on Unholy Rituals and the Entourage
 34742 | Elf:3    | Identified Ysuank's Compendium of Supportive Orientation
 34780 | Elf:3    | Identified the amulet "Atirron" {RegenMP MR+ Str+3} (You took it off a deep elf mage on level 3 of the Elven Halls)
 34807 | Elf:3    | Identified the cursed +3 dire flail "Tuzeo" {pain, Int+4} (You took it off a deep elf archer on level 3 of the Elven Halls)
 34814 | Elf:3    | Identified the +8 short sword of Megalomania {pierce, rPois rF- rN++ Str+4} (You took it off a deep elf knight on level 3 of the Elven Halls)
 35271 | Orc:2    | Bought a potion of curing for 39 gold pieces
 35271 | Orc:2    | Bought a potion of curing for 39 gold pieces
 35271 | Orc:2    | Bought a potion of resistance for 130 gold pieces
 35342 | D:12     | Learned a level 5 spell: Fireball
 35952 | D:13     | Reached ****** piety under Vehumet
 36000 | D:13     | Found a gate to the Vaults.
 36274 | D:13     | Offered knowledge of Lehudib's Crystal Spear by Vehumet.
 36274 | D:13     | Offered knowledge of Fire Storm by Vehumet.
 36274 | D:13     | Offered knowledge of Chain Lightning by Vehumet.
 36937 | D:14     | Reached XP level 18. HP: 108/108 MP: 42/42
 37128 | D:14     | Found Mikueki's Weapon Emporium.
 37414 | D:15     | Entered Level 15 of the Dungeon
 37426 | D:15     | Noticed Rupert
 37430 | D:15     | Killed Rupert
 37726 | D:15     | Noticed Agnes
 37731 | D:15     | Killed Agnes
 37731 | D:15     | Reached skill level 10 in Dodging
 37997 | D:15     | Noticed Nessos
 37999 | D:15     | Killed Nessos
 38218 | D:15     | Found a staircase to the Depths.
 38807 | D:12     | Learned a level 9 spell: Fire Storm
 38980 | Shoals:1 | Entered Level 1 of the Shoals
 39437 | Shoals:1 | Reached skill level 10 in Shields
 39479 | Shoals:1 | Noticed Josephine
 40330 | Shoals:1 | Killed Josephine
 41063 | Shoals:2 | Found Mathe's Distillery.
 41374 | Shoals:2 | Bought a potion of flight for 51 gold pieces
 41374 | Shoals:2 | Bought a potion of flight for 51 gold pieces
 41374 | Shoals:2 | Bought a potion of brilliance for 68 gold pieces
 41374 | Shoals:2 | Bought a potion of curing for 51 gold pieces
 41374 | Shoals:2 | Bought a potion of invisibility for 136 gold pieces
 41374 | Shoals:2 | Bought a potion of heal wounds for 85 gold pieces
 41490 | Shoals:3 | Noticed Louise
 41721 | Shoals:3 | Killed Louise
 41837 | Shoals:3 | Got a twisted large shield
 41854 | Shoals:4 | Entered Level 4 of the Shoals
 41858 | Shoals:4 | Found Jusoppou's General Store.
 41873 | Shoals:4 | Bought a scroll of blinking for 120 gold pieces
 41873 | Shoals:4 | Bought a potion of heal wounds for 80 gold pieces
 41873 | Shoals:4 | Bought a potion of lignification for 48 gold pieces
 42499 | Shoals:4 | Reached XP level 19. HP: 77/113 MP: 24/44
 42630 | Shoals:4 | Noticed Ilsuiw
 42641 | Shoals:4 | Killed Ilsuiw
 42868 | Shoals:4 | Identified the cursed +0 large shield of the Circus Animal {MR- Str+5} (You took it off Louise on level 3 of the Shoals)
 42883 | Shoals:4 | Learned a level 2 spell: Repel Missiles
 43081 | Shoals:4 | Got a barnacled rune of Zot
 43179 | Shoals:4 | Reached skill level 5 in Air Magic
 43297 | Shoals:4 | Got a shimmering bronze ring
 43353 | Shoals:4 | Identified the ring "Xeng" {Ice *Slow rN+ Int+7} (You found it on level 4 of the Shoals)
 43835 | Shoals:4 | Identified the Catalogue of Ignition and Bewitchment
 44472 | Spider:1 | Entered Level 1 of the Spider Nest
 45256 | Spider:1 | Identified a scroll of acquirement
 45258 | Spider:1 | Got a faintly humming buckler
 45269 | Spider:1 | Identified the +0 buckler of Devotion {Str+2} (You acquired it on level 1 of the Spider Nest)
 45322 | Spider:1 | Got a pair of transparent gloves
 45333 | Spider:1 | Identified the +2 pair of gloves of the Shining Light {*Drain rC+ Regen+ Str+3} (You acquired it on level 1 of the Spider Nest)
 45356 | Spider:1 | Got a pair of spiked boots
 45367 | Spider:1 | Identified the +5 pair of boots of Autumn {rN+ rCorr Dex+4 Stlth+} (You acquired it on level 1 of the Spider Nest)
 46271 | Spider:3 | Got a brightly glowing dagger
 47491 | Spider:4 | Entered Level 4 of the Spider Nest
 47541 | Spider:4 | Reached skill level 15 in Fire Magic
 48376 | Spider:4 | Reached XP level 20. HP: 119/119 MP: 33/45
 48596 | Spider:4 | Got a gossamer rune of Zot
 48942 | D:12     | Identified the +9 dagger of Nightmares {drain, +Inv rN+} (You found it on level 3 of the Spider Nest)
 48952 | D:12     | Learned a level 7 spell: Delayed Fireball
 49044 | Vaults:1 | Entered Level 1 of the Vaults
 49374 | Vaults:1 | Found a radiant altar of Vehumet.
 49645 | Vaults:1 | Noticed Saint Roka
 49703 | Vaults:1 | Killed Saint Roka
 50086 | Vaults:1 | Found Cufoaniwn's Antique Weapon Emporium.
 50734 | Vaults:1 | Reached skill level 10 in Evocations
 53434 | Vaults:2 | Reached XP level 21. HP: 124/124 MP: 35/47
 53520 | Vaults:2 | Noticed Boris
 53524 | Vaults:2 | Killed Boris
 53973 | Vaults:3 | Found a staircase to the Crypt.
 54076 | Vaults:3 | Noticed Boris
 54084 | Vaults:3 | Killed Boris
 54677 | Vaults:3 | Found a flickering gateway to a bazaar.
 54687 | Bazaar   | Entered a bazaar
 54705 | Bazaar   | Found Zenod's Book Emporium.
 54727 | Bazaar   | Found Qoreeh's Distillery.
 54727 | Bazaar   | Found Usemohaor's Magic Scroll Shoppe.
 54749 | Bazaar   | Found Jacatare's Antique Armour Shoppe.
 54779 | Bazaar   | Found Jusixylu's Weapon Shoppe.
 54878 | Bazaar   | Bought a scroll of holy word for 90 gold pieces
 54878 | Bazaar   | Bought a scroll of remove curse for 36 gold pieces
 54878 | Bazaar   | Bought a scroll of fear for 42 gold pieces
 54878 | Bazaar   | Bought a scroll of enchant armour for 90 gold pieces
 54878 | Bazaar   | Bought a scroll of remove curse for 36 gold pieces
 55042 | Bazaar   | Bought 2 potions of curing for 78 gold pieces
 55042 | Bazaar   | Bought a potion of flight for 39 gold pieces
 55042 | Bazaar   | Bought a potion of curing for 39 gold pieces
 55042 | Bazaar   | Bought a potion of flight for 39 gold pieces
 55042 | Bazaar   | Bought a potion of invisibility for 104 gold pieces
 55042 | Bazaar   | Bought a potion of curing for 39 gold pieces
 56414 | Vaults:4 | Identified the Volume of Vitriolic Clay
 56656 | Vaults:4 | Found a ruined gateway.
 56706 | Desolati | Entered the Desolation of Salt
 57141 | Vaults:4 | Found Zada's Armour Shoppe.
 57189 | Vaults:4 | Bought a +0 cloak of magic resistance for 264 gold pieces
 58650 | D:12     | Learned a level 3 spell: Gell's Gravitas
 58748 | Depths:1 | Entered Level 1 of the Depths
 59037 | Slime:1  | Entered Level 1 of the Pits of Slime
 59072 | Slime:1  | Reached skill level 1 in Translocations
 59322 | Slime:2  | Reached XP level 22. HP: 128/128 MP: 23/49
 60484 | Slime:4  | Reached skill level 5 in Translocations
 61644 | Slime:5  | Entered Level 5 of the Pits of Slime
 62076 | Slime:5  | Noticed the Royal Jelly
 62080 | Slime:5  | Killed the Royal Jelly
 62326 | Slime:5  | Got a faintly glowing dagger
 62364 | Slime:5  | Got a slimy rune of Zot
 62461 | Slime:5  | Got a warped iron ring
 62462 | Slime:5  | Identified the ring "Pueg" {*Tele rElec rF+ Dex+3} (You found it on level 5 of the Pits of Slime)
 62505 | Slime:5  | Identified the +4 dagger of Brutal Revenge {vamp, Int+4} (You found it on level 5 of the Pits of Slime)
 62996 | D:12     | Learned a level 6 spell: Iron Shot
 62999 | D:12     | Learned a level 2 spell: Shroud of Golubria
 63009 | D:12     | Learned a level 6 spell: Dispersal
 63228 | Vaults:5 | Entered Level 5 of the Vaults
 63230 | Vaults:5 | Reached skill level 1 in Earth Magic
 63231 | Vaults:5 | Noticed Margery
 63231 | Vaults:5 | Reached XP level 23. HP: 135/135 MP: 45/50
 63232 | Vaults:5 | Noticed an ancient lich
 63247 | Vaults:5 | Killed an ancient lich
 63251 | Vaults:5 | Killed Margery
 64255 | Vaults:5 | Reached skill level 5 in Earth Magic
 64667 | Vaults:5 | Killed from afar by a storm dragon

Skill      XL: |  1  2  3  4  5  6  7  8  9 10 11 12 13 14 15 16 17 18 19 20 21 22 23 |
---------------+----------------------------------------------------------------------+-----
Conjurations   | 5 6 7 8 9 10 12 13 15 16 17 18 19 20 21 | 21.4
Spellcasting   | 4 5 6 7 8 10 12 13 14 16 17 18 19 20 21 22 | 22.3
Stealth        | 3 4 6 9 10 | 10.1
Charms         | 6 8 10 11 | 11.0
Fighting       | 1 3 4 5 7 8 9 10 11 | 11.6
Fire Magic     | 3 6 7 8 10 11 12 13 15 17 20 21 22 | 22.0
Shields        | 1 3 4 5 7 8 9 10 11 | 11.2
Dodging        | 3 5 7 8 9 10 11 | 11.2
Air Magic      | 2 4 5 |  5.2
Evocations     | 3 5 7 8 9 10 11 | 11.6
Translocations | 3 8 |  8.7
Earth Magic    | 1 5 |  5.3

Action                   |  1- 3 |  4- 6 |  7- 9 | 10-12 | 13-15 | 16-18 | 19-21 | 22-24 || total
-------------------------+-------+-------+-------+-------+-------+-------+-------+-------++-------
Melee: Short sword       |     1 |    16 |     2 |       |       |       |       |       ||    19
       Staff             |       |       |       |     1 |     7 |     8 |     1 |       ||    17
       Long sword        |       |       |       |       |     1 |     7 |       |       ||     8
Throw: Stone             |     1 |       |       |       |       |       |       |       ||     1
 Cast: Magic Dart        |    59 |    60 |   160 |   154 |   120 |   280 |   160 |     6 ||   999
       Searing Ray       |     5 |     8 |    41 |     9 |    15 |    39 |    15 |     1 ||   133
       Dazzling Spray    |       |     4 |     1 |     9 |    22 |    11 |     3 |     1 ||    51
       Iskenderun's Myst |       |     2 |    11 |    15 |    17 |    28 |    24 |     3 ||   100
       Fulminant Prism   |       |       |    14 |    36 |    53 |    21 |    40 |       ||   164
       Iskenderun's Batt |       |       |     8 |    83 |   154 |   185 |   261 |    46 ||   737
       Flame Tongue      |       |       |       |    59 |   171 |    86 |   206 |    49 ||   571
       Freeze            |       |       |       |     4 |       |     3 |       |       ||     7
       Stone Arrow       |       |       |       |    62 |    22 |       |       |       ||    84
       Bolt of Fire      |       |       |       |    11 |   161 |   133 |   201 |    46 ||   552
       Sticky Flame      |       |       |       |       |    34 |     8 |       |       ||    42
       Conjure Ball Ligh |       |       |       |       |     2 |       |     3 |       ||     5
       Orb of Destructio |       |       |       |       |     7 |    92 |   153 |    57 ||   309
       Fireball          |       |       |       |       |       |    16 |    92 |    31 ||   139
       Repel Missiles    |       |       |       |       |       |       |     2 |     1 ||     3
       Delayed Fireball  |       |       |       |       |       |       |     3 |     1 ||     4
       Fire Storm        |       |       |       |       |       |       |    16 |    65 ||    81
       Gell's Gravitas   |       |       |       |       |       |       |     1 |       ||     1
       Iron Shot         |       |       |       |       |       |       |       |    18 ||    18
       Dispersal         |       |       |       |       |       |       |       |    11 ||    11
       Shroud of Golubri |       |       |       |       |       |       |       |     5 ||     5
 Abil: Release Delayed F |       |       |       |       |       |       |     2 |     1 ||     3
Evoke: Wand              |       |       |       |       |     5 |    11 |     6 |    15 ||    37
       Disc of storms    |       |       |       |       |       |       |     2 |       ||     2
       Fan of gales      |       |       |       |       |       |       |     3 |     4 ||     7
       Lamp of fire      |       |       |       |       |       |       |     3 |     3 ||     6
       Phial of floods   |       |       |       |       |       |       |     2 |     3 ||     5
       Crystal ball of e |       |       |       |       |       |       |     1 |     1 ||     2
       Box of beasts     |       |       |       |       |       |       |       |     3 ||     3
  Use: Scroll            |       |     1 |     3 |     9 |     8 |    21 |    24 |     8 ||    74
       Potion            |       |       |     2 |     5 |     5 |    14 |     5 |    14 ||    45
 Stab: Invisible         |       |     1 |       |       |       |       |       |       ||     1
  Eat: Chunk             |     2 |     4 |     8 |    13 |    31 |    21 |    15 |       ||    94
       Beef jerky        |       |     1 |     3 |       |     3 |     2 |     1 |       ||    10
       Pizza             |       |     1 |       |     1 |       |     7 |     3 |       ||    12
       Fruit             |       |     2 |       |       |     2 |     1 |     7 |     5 ||    17
       Bread ration      |       |       |     1 |     4 |     5 |     4 |     6 |       ||    20
       Royal jelly       |       |       |       |     1 |       |       |       |       ||     1
       Meat ration       |       |       |       |       |       |       |     2 |     7 ||     9
Armor: Robe              |       |     6 |    14 |     9 |     8 |    12 |    14 |    24 ||    87
       Skin              |       |       |       |       |       |     2 |       |     2 ||     4
Dodge: Dodged            |     4 |    28 |    39 |    43 |    39 |    87 |   114 |    56 ||   410
       Deflected         |       |       |       |       |       |       |    24 |    10 ||    34
Block: Buckler           |       |       |       |       |    16 |       |       |       ||    16
       Shield            |       |       |       |       |    15 |    91 |   145 |    71 ||   322
       Reflection        |       |       |       |       |     5 |    26 |    39 |    16 ||    86
       Rpst.: Long sword |       |       |       |       |       |     1 |       |       ||     1
